[ AOE2 MATCH · #506790123 ]
UnrankedTeutons vs Spanish
Player's team · LOSS
Rival team · WIN
[ REPLAY ANALYSIS · EXTRACTED FROM THE RECORDED GAME ]
Feudal
9:05
Castle
27:16
Imperial
54:17
| APM avg | 30.9 |
| APM peak | 60 |
| eAPM avg | 19.7 |
| Villagers / military | 114 / 102 |
Focus
⚔️ 26.5% · 🌾 73.5%
Knight ×48 · Skirmisher ×43 · Spearman ×10 · Monk ×1
Feudal
8:18
Castle
26:50
Imperial
46:12
| APM avg | 49.3 |
| APM peak | 80 |
| eAPM avg | 27.9 |
| Villagers / military | 181 / 122 |
Focus
⚔️ 44.3% · 🌾 55.7%
Cavalry Archer ×50 · Archer ×18 · Scout Cavalry ×17 · Knight ×15 · Conquistador ×12 · Militia ×6
Match map
Initial resources + every placement click. Lines = walls · curves = elevation contours. ◆ gold · ⬟ stone · ● berries · ✦ relic · ◌ wall gap
Your base· Open — unwalled flank
Dragon Extreme's base· Open — unwalled flank
Smoothed initial terrain · ◌ = detected wall gap · hover for details
Inputs per minute
— Lord_calderon - - Dragon Extreme
Build order — Lord_calderon
First 150 of 391 actions detected
| 0:01 | Queue | Villager (Male) |
| 0:01 | Queue | Villager (Male) |
| 0:02 | Build | House |
| 0:04 | Build | House |
| 0:11 | Queue | Villager (Male) |
| 0:11 | Queue | Villager (Male) |
| 1:28 | Queue | Villager (Male) |
| 2:04 | Queue | Villager (Male) |
| 2:05 | Queue | Villager (Male) |
| 2:21 | Queue | Villager (Male) |
| 2:21 | Queue | Villager (Male) |
| 2:45 | Queue | Villager (Male) |
| 2:45 | Queue | Villager (Male) |
| 3:09 | Queue | Villager (Male) |
| 3:10 | Queue | Villager (Male) |
| 3:29 | Build | House |
| 3:52 | Queue | Villager (Male) |
| 4:09 | Build | Lumber Camp |
| 4:21 | Queue | Villager (Male) |
| 4:43 | Build | Mill |
| 4:45 | Queue | Villager (Male) |
| 4:46 | Queue | Villager (Male) |
| 5:32 | Queue | Villager (Male) |
| 5:33 | Queue | Villager (Male) |
| 6:19 | Research | Loom |
| 6:55 | Research | Feudal Age |
| 7:18 | Build | Mining Camp |
| 7:23 | Build | House |
| 7:38 | Build | Palisade Wall |
| 7:40 | Build | Palisade Wall |
| 7:46 | Build | Palisade Wall |
| 7:48 | Build | Palisade Wall |
| 7:49 | Build | Palisade Wall |
| 8:48 | Build | Palisade Wall |
| 9:03 | Queue | Villager (Male) |
| 9:05 | Age | Feudal Age |
| 9:43 | Build | Watch Tower |
| 9:44 | Queue | Villager (Male) |
| 9:51 | Build | Palisade Wall |
| 10:16 | Build | Watch Tower |
| 10:19 | Build | House |
| 10:22 | Build | Palisade Wall |
| 10:23 | Build | Palisade Wall |
| 10:25 | Queue | Villager (Male) |
| 10:38 | Build | Palisade Wall |
| 10:38 | Build | Palisade Wall |
| 10:38 | Build | Palisade Wall |
| 10:39 | Build | Palisade Wall |
| 10:39 | Build | Palisade Wall |
| 11:00 | Build | Watch Tower |
| 11:07 | Queue | Villager (Male) |
| 11:13 | Build | House |
| 11:14 | Queue | Villager (Male) |
| 11:30 | Build | Farm |
| 11:30 | Build | Farm |
| 11:30 | Build | Farm |
| 11:31 | Build | Farm |
| 11:31 | Build | Farm |
| 11:46 | Queue | Villager (Male) |
| 12:34 | Queue | Villager (Male) |
| 13:05 | Build | Watch Tower |
| 13:08 | Build | Palisade Wall |
| 13:08 | Build | Palisade Wall |
| 13:09 | Build | Palisade Wall |
| 13:09 | Build | Palisade Wall |
| 13:09 | Build | Palisade Wall |
| 13:12 | Queue | Villager (Male) |
| 13:19 | Build | Farm |
| 13:20 | Build | Farm |
| 13:20 | Build | Farm |
| 13:20 | Build | Farm |
| 13:20 | Build | Farm |
| 13:47 | Queue | Villager (Male) |
| 14:34 | Build | Farm |
| 14:34 | Build | Farm |
| 14:34 | Build | Farm |
| 14:35 | Build | Farm |
| 14:43 | Queue | Villager (Male) |
| 15:11 | Queue | Villager (Male) |
| 15:13 | Build | Farm |
| 15:14 | Build | Farm |
| 15:20 | Build | House |
| 15:37 | Build | Outpost |
| 15:40 | Queue | Villager (Male) |
| 16:11 | Queue | Villager (Male) |
| 16:46 | Queue | Villager (Male) |
| 17:11 | Build | Mining Camp |
| 17:24 | Queue | Villager (Male) |
| 17:35 | Build | Watch Tower |
| 17:36 | Queue | Villager (Male) |
| 17:49 | Build | Watch Tower |
| 17:56 | Queue | Villager (Male) |
| 18:19 | Queue | Villager (Male) |
| 18:31 | Build | House |
| 19:04 | Build | Blacksmith |
| 19:06 | Queue | Villager (Male) |
| 19:23 | Build | Watch Tower |
| 19:32 | Queue | Villager (Male) |
| 19:43 | Queue | Villager (Male) |
| 19:46 | Build | Farm |
| 19:51 | Build | Farm |
| 19:51 | Build | Farm |
| 20:09 | Queue | Villager (Male) |
| 20:18 | Research | Fletching |
| 20:45 | Queue | Villager (Male) |
| 21:02 | Build | Farm |
| 21:05 | Build | Barracks |
| 21:15 | Build | Watch Tower |
| 21:16 | Queue | Villager (Male) |
| 21:44 | Queue | Villager (Male) |
| 22:09 | Queue | Villager (Male) |
| 22:15 | Build | Stable |
| 22:19 | Build | Farm |
| 22:37 | Queue | Villager (Male) |
| 22:52 | Build | Farm |
| 22:52 | Build | Farm |
| 23:12 | Queue | Villager (Male) |
| 23:15 | Build | Farm |
| 23:16 | Build | Farm |
| 23:34 | Build | Farm |
| 24:36 | Research | Castle Age |
| 24:40 | Build | Stable |
| 25:34 | Research | Double-Bit Axe |
| 25:36 | Research | Bloodlines |
| 26:06 | Build | House |
| 26:20 | Build | Stable |
| 26:22 | Build | House |
| 26:38 | Research | Scale Barding Armor |
| 26:41 | Build | Farm |
| 26:49 | Research | Forging |
| 26:59 | Build | Farm |
| 27:02 | Research | Scale Barding Armor |
| 27:16 | Age | Castle Age |
| 27:19 | Queue | Knight ×4 |
| 27:35 | Queue | Knight |
| 27:39 | Queue | Villager (Male) |
| 27:40 | Build | Farm |
| 27:40 | Build | Farm |
| 27:41 | Build | Farm |
| 27:49 | Build | Farm |
| 28:01 | Build | Outpost |
| 28:13 | Queue | Knight ×3 |
| 28:27 | Build | Farm |
| 28:27 | Build | Farm |
| 28:29 | Queue | Villager (Male) |
| 28:30 | Build | Farm |
| 28:47 | Queue | Knight ×2 |
| 28:51 | Build | Farm |
| 28:51 | Build | Farm |
| 28:54 | Queue | Villager (Male) |
Build order — Dragon Extreme
First 150 of 539 actions detected
| 0:00 | Queue | Villager (Male) |
| 0:00 | Queue | Villager (Male) |
| 0:02 | Build | House |
| 0:04 | Build | House |
| 0:06 | Queue | Villager (Male) |
| 0:09 | Build | House |
| 0:16 | Queue | Villager (Male) |
| 0:36 | Build | Lumber Camp |
| 1:32 | Queue | Villager (Male) |
| 2:06 | Queue | Villager (Male) |
| 2:07 | Queue | Villager (Male) |
| 2:23 | Queue | Villager (Male) |
| 2:23 | Queue | Villager (Male) |
| 2:40 | Queue | Villager (Male) |
| 2:40 | Queue | Villager (Male) |
| 3:03 | Queue | Villager (Male) |
| 3:38 | Queue | Villager (Male) |
| 3:38 | Queue | Villager (Male) |
| 4:09 | Queue | Villager (Male) |
| 4:10 | Queue | Villager (Male) |
| 4:41 | Queue | Villager (Male) |
| 4:53 | Queue | Villager (Male) |
| 4:53 | Queue | Villager (Male) |
| 4:53 | Queue | Villager (Male) |
| 5:08 | Research | Loom |
| 5:32 | Build | Barracks |
| 6:08 | Research | Feudal Age |
| 6:08 | Research | Feudal Age |
| 6:27 | Queue | Militia |
| 6:27 | Queue | Militia |
| 6:58 | Queue | Militia |
| 6:58 | Queue | Militia |
| 7:15 | Build | Mining Camp |
| 7:26 | Build | House |
| 7:38 | Queue | Militia |
| 7:38 | Queue | Militia |
| 8:18 | Age | Feudal Age |
| 8:25 | Queue | Villager (Male) |
| 9:31 | Queue | Villager (Male) |
| 9:31 | Queue | Villager (Male) |
| 9:36 | Build | Watch Tower |
| 9:38 | Build | Stone Wall |
| 9:39 | Build | Stone Wall |
| 9:41 | Build | Stone Wall |
| 9:52 | Queue | Villager (Male) |
| 9:56 | Build | Archery Range |
| 10:18 | Build | Watch Tower |
| 10:19 | Build | Stone Wall |
| 10:21 | Build | Stone Wall |
| 10:22 | Build | Stone Wall |
| 10:28 | Queue | Villager (Male) |
| 10:28 | Queue | Villager (Male) |
| 10:38 | Build | Watch Tower |
| 10:55 | Queue | Villager (Male) |
| 11:16 | Build | Mill |
| 11:39 | Build | Lumber Camp |
| 11:42 | Queue | Villager (Male) |
| 11:42 | Queue | Villager (Male) |
| 11:49 | Build | House |
| 11:49 | Build | House |
| 11:53 | Research | Town Watch |
| 12:11 | Build | Stone Wall |
| 12:13 | Build | Stone Wall |
| 12:15 | Build | Watch Tower |
| 12:17 | Build | Stone Wall |
| 12:19 | Queue | Villager (Male) |
| 12:19 | Queue | Villager (Male) |
| 12:20 | Queue | Villager (Male) |
| 12:28 | Queue | Villager (Male) |
| 12:52 | Queue | Villager (Male) |
| 12:52 | Queue | Villager (Male) |
| 12:57 | Build | Mining Camp |
| 13:12 | Queue | Villager (Male) |
| 13:12 | Queue | Villager (Male) |
| 13:44 | Queue | Villager (Male) |
| 13:44 | Queue | Villager (Male) |
| 13:53 | Build | Palisade Wall |
| 13:54 | Queue | Villager (Male) |
| 13:55 | Queue | Villager (Male) |
| 14:25 | Build | Stone Wall |
| 14:26 | Build | Stone Wall |
| 14:27 | Build | Stone Wall |
| 14:30 | Build | Stone Wall |
| 14:31 | Build | Stone Wall |
| 14:32 | Build | Stone Wall |
| 14:34 | Build | Stone Wall |
| 14:35 | Queue | Villager (Male) |
| 14:46 | Queue | Villager (Male) |
| 14:46 | Queue | Villager (Male) |
| 14:54 | Queue | Archer |
| 15:01 | Build | Archery Range |
| 15:19 | Queue | Villager (Male) |
| 15:28 | Queue | Archer |
| 15:29 | Queue | Archer |
| 15:31 | Queue | Villager (Male) |
| 15:50 | Queue | Archer |
| 15:51 | Queue | Villager (Male) |
| 15:59 | Build | Farm |
| 16:12 | Queue | Archer |
| 16:13 | Queue | Villager (Male) |
| 16:37 | Research | Wheelbarrow |
| 16:37 | Research | Wheelbarrow |
| 16:41 | Build | House |
| 16:42 | Build | House |
| 16:52 | Queue | Villager (Male) |
| 17:19 | Build | Farm |
| 17:22 | Build | Farm |
| 17:32 | Build | Farm |
| 17:42 | Queue | Villager (Male) |
| 17:55 | Queue | Archer |
| 17:56 | Queue | Archer |
| 18:18 | Queue | Villager (Male) |
| 18:22 | Build | Mill |
| 18:32 | Build | House |
| 18:33 | Build | House |
| 18:34 | Build | House |
| 18:45 | Queue | Archer |
| 18:45 | Queue | Archer |
| 19:06 | Build | Blacksmith |
| 19:12 | Build | Farm |
| 19:12 | Queue | Villager (Male) |
| 19:31 | Queue | Villager (Male) |
| 19:45 | Build | Farm |
| 19:46 | Build | Farm |
| 19:46 | Build | Farm |
| 19:55 | Queue | Villager (Male) |
| 20:05 | Build | Farm |
| 20:08 | Build | Farm |
| 20:10 | Build | Farm |
| 20:25 | Queue | Villager (Male) |
| 20:30 | Research | Fletching |
| 20:32 | Build | Farm |
| 20:45 | Queue | Villager (Male) |
| 20:58 | Queue | Villager (Male) |
| 21:03 | Queue | Archer |
| 21:03 | Queue | Archer |
| 21:22 | Queue | Villager (Male) |
| 21:43 | Build | Farm |
| 21:44 | Queue | Villager (Male) |
| 21:46 | Queue | Archer |
| 21:46 | Queue | Archer |
| 22:05 | Build | Farm |
| 22:17 | Queue | Villager (Male) |
| 22:21 | Queue | Archer |
| 22:36 | Build | House |
| 22:38 | Build | House |
| 22:40 | Build | House |
| 22:40 | Build | House |
| 22:44 | Build | Farm |
| 23:09 | Queue | Villager (Male) |
Match timeline
| 5:32 | Dragon Extreme · first_building Barracks |
| 7:38 | Lord_calderon · wall_segment Palisade Wall x1 |
| 7:40 | Lord_calderon · wall_segment Palisade Wall x1 |
| 7:46 | Lord_calderon · wall_segment Palisade Wall x1 |
| 7:48 | Lord_calderon · wall_segment Palisade Wall x3 |
| 7:49 | Lord_calderon · wall_segment Palisade Wall x2 |
| 8:18 | Dragon Extreme · age_up feudal |
| 8:48 | Lord_calderon · wall_segment Palisade Wall x1 |
| 9:05 | Lord_calderon · age_up feudal |
| 9:38 | Dragon Extreme · wall_segment Stone Wall x1 |
| 9:39 | Dragon Extreme · wall_segment Stone Wall x1 |
| 9:41 | Dragon Extreme · wall_segment Stone Wall x1 |
| 9:51 | Lord_calderon · wall_segment Palisade Wall x1 |
| 9:56 | Dragon Extreme · first_building Archery Range |
| 10:19 | Dragon Extreme · wall_segment Stone Wall x1 |
| 10:21 | Dragon Extreme · wall_segment Stone Wall x1 |
| 10:22 | Dragon Extreme · wall_segment Stone Wall x1 |
| 10:22 | Lord_calderon · wall_segment Palisade Wall x1 |
| 10:23 | Lord_calderon · wall_segment Palisade Wall x1 |
| 10:38 | Lord_calderon · wall_segment Palisade Wall x1 |
| 10:38 | Lord_calderon · wall_segment Palisade Wall x2 |
| 10:38 | Lord_calderon · wall_segment Palisade Wall x2 |
| 10:39 | Lord_calderon · wall_segment Palisade Wall x1 |
| 10:39 | Lord_calderon · wall_segment Palisade Wall x1 |
| 12:11 | Dragon Extreme · wall_segment Stone Wall x1 |
| 12:13 | Dragon Extreme · wall_segment Stone Wall x1 |
| 12:17 | Dragon Extreme · wall_segment Stone Wall x1 |
| 13:08 | Lord_calderon · wall_segment Palisade Wall x1 |
| 13:08 | Lord_calderon · wall_segment Palisade Wall x2 |
| 13:09 | Lord_calderon · wall_segment Palisade Wall x2 |
| 13:09 | Lord_calderon · wall_segment Palisade Wall x1 |
| 13:09 | Lord_calderon · wall_segment Palisade Wall x1 |
| 13:53 | Dragon Extreme · wall_segment Palisade Wall x1 |
| 14:25 | Dragon Extreme · wall_segment Stone Wall x2 |
| 14:26 | Dragon Extreme · wall_segment Stone Wall x2 |
| 14:27 | Dragon Extreme · wall_segment Stone Wall x2 |
| 14:30 | Dragon Extreme · wall_segment Stone Wall x3 |
| 14:31 | Dragon Extreme · wall_segment Stone Wall x3 |
| 14:32 | Dragon Extreme · wall_segment Stone Wall x3 |
| 14:34 | Dragon Extreme · wall_segment Stone Wall x3 |
| 21:05 | Lord_calderon · first_building Barracks |
| 22:15 | Lord_calderon · first_building Stable |
| 24:08 | Dragon Extreme · first_market_buy 100 food |
| 26:41 | Dragon Extreme · first_building Stable |
| 26:50 | Dragon Extreme · age_up castle |
| 27:16 | Lord_calderon · age_up castle |
| 29:19 | Dragon Extreme · wall_segment Stone Wall x1 |
| 29:21 | Dragon Extreme · wall_segment Stone Wall x1 |
| 30:04 | Dragon Extreme · first_market_sell 100 food |
| 30:39 | Dragon Extreme · first_building Monastery |
| 32:21 | Dragon Extreme · wall_segment Palisade Wall x1 |
| 32:25 | Dragon Extreme · wall_segment Palisade Wall x1 |
| 32:31 | Dragon Extreme · wall_segment Palisade Wall x1 |
| 42:11 | Lord_calderon · first_building Monastery |
| 42:24 | Dragon Extreme · first_building Castle |
| 45:11 | Lord_calderon · first_market_buy 100 wood |
| 46:12 | Dragon Extreme · age_up imperial |
| 46:31 | Lord_calderon · first_building Archery Range |
| 50:11 | Lord_calderon · first_market_sell 100 wood |
| 54:17 | Lord_calderon · age_up imperial |
| 55:52 | Lord_calderon · first_building Castle |
| 56:03 | Lord_calderon · resign |
[ AI ANALYSIS · 1 CREDIT ]
What really happened in this match?
Wolo.gg analyzes every decision: build order, eco, micro, common mistakes by bracket. Personalized analysis on WhatsApp or Discord in 30 seconds.
Civ guide
Teutons
Perfil
Lord_calderon